 Dungeon Crawl Stone Soup version 0.32-a0-468-g38b2580584 (webtiles) character file.

Game seed: 11969747075604025818

387796 Sobieck the Pyromancer (level 23, -9/243 HPs)
             Began as an Oni Fire Elementalist on Feb 24, 2024.
             Was the Champion of Vehumet.
             Mangled by a rockslime (33 damage)
             ... on level 4 of the Pits of Slime.
             The game lasted 03:23:01 (58959 turns).

Sobieck the Pyromancer (Oni Fire Elementalist)     Turns: 58959, Time: 03:23:02

Health: -9/243     AC: -6    Str: 22    XL:     23   Next: 3%
Magic:  7/44       EV:  9    Int: 28    God:    Vehumet [******]
Gold:   1719       SH:  0    Dex:  6    Spells: 14/56 levels left

rFire   + + .        j - staff of air
rCold   + . .        B - orb of Mumblety Peg {*channel, Str+4 Dex-3 Hexes Air}
rNeg    + . .        u - +0 robe of the Goldsmith {rF+ Regen+}
rPois   +            M - -2 hat of the Alchemist {rElec rPois rF+ rC+ rN+ Will+ rMut rCorr}
rElec   +            G - +0 cloak {rPois}
rCorr   +            (gloves unavailable)
SInv    .            (boots unavailable)
Will    +++..        L - amulet of magic regeneration
Stlth   ++           F - ring of wizardry
HPRegen 1.40/turn    S - +6 ring of intelligence
MPRegen 0.69/turn

%: resist mutation, wizardry (x1), channel magic (20%)
@: corroded
A: large, unfitting armour, horns 1, tough skin 1, double potion healing,
drunken brawling, dopey 1
}: 2/15 runes: serpentine, barnacled
a: Renounce Religion


You were on level 4 of the Pits of Slime.
You worshipped Vehumet.
Vehumet was exalted by your worship.
You visited 8 branches of the dungeon, and saw 42 of its levels.

You collected 4840 gold pieces.
You spent 3121 gold pieces at shops.

Inventory:

Armour
 u - the +0 robe of the Goldsmith (worn) {rF+ Regen+}
   (You found it on level 3 of the Dungeon)

   rF+:       It protects you from fire.
   Regen+:    It increases your rate of health regeneration.
 B - the orb of Mumblety Peg (worn) {*channel, Str+4 Dex-3 Hexes Air}
   (You took it off Frederick on level 3 of the Vaults)

   Str+4:     It affects your strength (+4).
   Dex-3:     It affects your dexterity (-3).
   Hexes:     It increases the power of your Hexes spells.
   Air:       It increases the power of your Air spells.
 G - a +0 cloak of poison resistance (worn)
 M - the -2 hat of the Alchemist (worn) {rElec rPois rF+ rC+ rN+ Will+ rMut rCorr}
   (You acquired it on level 4 of the Vaults)

   rF+:       It protects you from fire.
   rC+:       It protects you from cold.
   rElec:     It insulates you from electricity.
   rPois:     It protects you from poison rN+: It protects you from negative
   energy.
   Will+:     It increases your willpower.
   rCorr:     It protects you from acid and corrosion.
   rMut:      It protects you from mutation.
Magical Staves
 j - a staff of air (weapon)
 A - a staff of fire
Jewellery
 f - the ring of Poxkaol {Will+ Int+3}
   (You took it off a deep elf elementalist on level 3 of the Elven Halls)

   [ring of willpower]

   Int+3:     It affects your intelligence (+3).
   Will+:     It increases your willpower.
 g - a ring of flight
 n - a ring of positive energy
 s - a ring of see invisible
 v - a ring of magical power
 F - a ring of wizardry (left hand)
 L - an amulet of magic regeneration (around neck)
 S - a +6 ring of intelligence (right hand)
Wands
 l - a wand of light (18)
 y - a wand of mindburst (36)
 z - a wand of roots (41)
 D - a wand of digging (13)
 V - a wand of flame (102)
Scrolls
 a - 5 scrolls of revelation
 c - 4 scrolls of poison
 m - a scroll of immolation
 o - 7 scrolls of fog
 w - 5 scrolls of enchant weapon
 E - 2 scrolls of fear
 I - 2 scrolls of vulnerability
 P - 5 scrolls of noise
 R - 18 scrolls of identify
 T - 8 scrolls of teleportation
 X - 3 scrolls of enchant armour
 Y - 2 scrolls of silence {!r}
 Z - a scroll of butterflies
Potions
 d - 8 potions of brilliance
 e - 9 potions of attraction
 h - 7 potions of lignification
 i - 7 potions of mutation
 k - 3 potions of ambrosia
 p - 6 potions of heal wounds
 q - 10 potions of might
 r - 2 potions of magic
 t - a potion of cancellation
 x - 3 potions of enlightenment
 H - 2 potions of haste
 J - a potion of invisibility
 Q - 16 potions of curing
 U - 2 potions of berserk rage
 W - 2 potions of resistance
Miscellaneous
 b - a lightning rod (4/4)
 K - a phantom mirror
 N - a sack of spiders
 O - a condenser vane


   Skills:
 - Level 17.0 Fighting
 - Level 1.7 Dodging
 - Level 5.0 Stealth
 - Level 17.0 Spellcasting
 + Level 20.2 Conjurations
 - Level 10.0 Summonings
 - Level 3.0 Translocations
 - Level 21.0 Fire Magic
 - Level 11.3 Air Magic
 - Level 3.0 Alchemy
 - Level 0.9 Invocations


You had 14 spell levels left.
You knew the following spells:

 Your Spells              Type           Power      Damage    Failure   Level
a - Foxfire               Conj/Fire      100%       2x1d9     1%          1
b - Scorch                Fire           100%       2d9       1%          2
c - Fire Storm            Conj/Fire      48%        8d12      8%          9
d - Ignition              Fire           48%        3d14      1%          8
g - Iskenderun's Mystic   Conj/Tloc      73%        2d15      1%          4
h - Spellforged Servitor  Conj/Summ      41%        N/A       1%          7
i - Plasma Beam           Fire/Air       65%        2x1d82    1%          6
j - Irradiate             Conj/Alch      36%        3d23      1%          5

Your spell library contained the following spells:

 Spells                   Type           Power      Damage    Failure   Level
 Lehudib's Crystal Spear  Conj/Erth      34%        10d9      28%         8
 Shatter                  Erth           11%        3d12*     100%        9
 Magic Dart               Conj           100%       1d8       1%          1
 Sandblast                Erth           46%        2d11      1%          1
 Summon Small Mammal      Summ           100%       N/A       1%          1
 Blink                    Tloc           80%        N/A       1%          2
 Call Imp                 Summ           100%       N/A       1%          2
 Cigotuvi's Dreadful Rot  Necr/Alch/Air  100%       N/A       1%          2
 Mercury Vapours          Alch/Air       100%       N/A       1%          2
 Searing Ray              Conj           100%       2d8       1%          2
 Call Canine Familiar     Summ           68%        N/A       1%          3
 Dazzling Flash           Conj/Hex       100%       N/A       1%          3
 Hailstorm                Conj/Ice       69%        3d12      1%          3
 Inner Flame              Hex/Fire       89%        N/A       1%          3
 Mephitic Cloud           Conj/Alch/Air  100%       N/A       1%          3
 Stone Arrow              Conj/Erth      100%       3d13      1%          3
 Summon Ice Beast         Ice/Summ       51%        N/A       1%          3
 Swiftness                Air            100%       N/A       1%          3
 Volatile Blastmotes      Fire/Tloc      100%       2d18      1%          3
 Brom's Barrelling Bould  Conj/Erth      69%        2d8       1%          4
 Flame Wave               Conj/Fire      96%        2d20      1%          4
 Fulminant Prism          Conj/Alch      36%        3d17      1%          4
 Ignite Poison            Fire/Alch      74%        N/A       1%          4
 Olgreb's Toxic Radiance  Alch           40%        N/A       1%          4
 Sticky Flame             Fire/Alch      74%        2d12      1%          4
 Summon Blazeheart Golem  Fire/Summ      84%        N/A       1%          4
 Summon Lightning Spire   Summ/Air       100%       N/A       1%          4
 Arcjolt                  Conj/Air       64%        1d74      1%          5
 Fireball                 Conj/Fire      48%        3d19      1%          5
 Iskenderun's Battlesphe  Conj           95%        2d14      1%          5
 Bombard                  Conj/Erth      34%        9d6       1%          6
 Conjure Ball Lightning   Conj/Air       64%        3x3d23    1%          6
 Orb of Destruction       Conj           47%        9d12      1%          7
 Vhi's Electric Charge    Tloc/Air       100%       N/A       2%          4
 Slow                     Hex            100%       N/A       3%          1
 Ensorcelled Hibernation  Hex/Ice        70%        N/A       4%          2
 Animate Armour           Summ/Erth      100%       N/A       4%          4
 Manifold Assault         Tloc           40%        N/A       6%          4
 Passage of Golubria      Tloc           40%        N/A       6%          4
 Silence                  Hex/Air        56%        N/A       6%          5
 Yara's Violent Unravell  Hex/Alch       24%        3d11      6%          5
 Confusing Touch          Hex            35%        N/A       7%          3
 Ozocubu's Armour         Ice            23%        N/A       7%          3
 Passwall                 Erth           23%        N/A       7%          3
 Sigil of Binding         Hex            35%        N/A       7%          3
 Tukima's Dance           Hex            35%        N/A       7%          3
 Vampiric Draining        Necr           23%        2d7       7%          3
 Summon Mana Viper        Hex/Summ       67%        N/A       8%          5
 Lee's Rapid Deconstruct  Erth           11%        3d8*      10%         5
 Dimensional Bullseye     Hex/Tloc       24%        N/A       11%         4
 Anguish                  Hex/Necr       17%        N/A       16%         4
 Animate Dead             Necr           23%        N/A       16%         4
 Cause Fear               Hex            17%        N/A       16%         4
 Dispel Undead            Necr           23%        3d12      16%         4
 Maxwell's Capacitive Co  Air            57%        ∞         19%         8
 Monstrous Menagerie      Summ           34%        N/A       21%         7
 Borgnjor's Vile Clutch   Necr/Erth      11%        N/A       36%         5
 Curse of Agony           Necr           23%        N/A       36%         5
 Chain Lightning          Conj/Air       64%        3d86      36%         9
 Dispersal                Tloc           20%        N/A       50%         6
 Sculpt Simulacrum        Ice/Alch       16%        N/A       67%         6
 Haunt                    Necr/Summ      25%        N/A       77%         7
 Ozocubu's Refrigeration  Ice            11%        4d10      83%         7
 Death Channel            Necr           11%        N/A       85%         6
 Enfeeble                 Hex            17%        N/A       100%        7
 Discord                  Hex            17%        N/A       100%        8
 Disjunction              Tloc           20%        N/A       100%        8


Dungeon Overview and Level Annotations

Branches:
Dungeon (15/15)            Temple (0/1) D:5            Lair (5/5) D:9
 Shoals (4/4) Lair:3        Snake (4/4) Lair:2        Slime (5/5) Lair:4
    Orc (2/2) D:12            Elf (3/3) Orc:2        Vaults (4/5) D:13
  Crypt (0/3) Vaults:3     Depths (0/4) D:15

Altars:
Cheibriados
Kikubaaqudgha
Okawaru
Sif Muna
Vehumet
Xom
Zin
Beogh
Jiyva

Shops:
D:13 *   Orc:2 ?*!*   Elf:1 (*!(:   Elf:3 **   Shoals:3 (   Snake:3 :
Snake:4 *=:==   Vaults:2 [

Annotations:
D:4 fire resist vault
D:12 2 transporters, dialectric's ghost, journeyman CoBe
Lair:5 exclusion: obsidian statue
Elf:2 3 runed translucent doors
Vaults:5 !DONOTGO


Innate Abilities, Weirdness & Mutations

You are too large for most types of armour.
You have a pair of small horns on your head.
You have tough skin. (AC +1)
You gain doubled healing and magic from potions.
Whenever you drink a healing potion, you attack all around you.
You are dopey. (Int -2)


Message History

The fireball engulfs the rockslime but does no damage.
The rockslime is lightly wounded.
The fireball engulfs the rockslime.
The rockslime completely resists.
The fireball engulfs the quicksilver ooze!!
The quicksilver ooze is moderately wounded.
The fireball engulfs the quicksilver ooze!!
The quicksilver ooze is almost dead.
The fireball engulfs the rockslime.
The rockslime resists.
The rockslime is lightly wounded.
The quicksilver ooze hits you!!
* * * LOW HITPOINT WARNING * * *
The quicksilver ooze engulfs you! The quicksilver ooze hits you!
* * * LOW HITPOINT WARNING * * *
You feel your power leaking away. The rockslime hits you!!
* * * LOW HITPOINT WARNING * * *
You stumble backwards!
The ooze engulfing you falls away.
You gasp with relief as air once again reaches your lungs.
Acid dripping from the walls corrodes you.
Casting: Ignition (mildly dangerous; 1% risk of failure)
Confirm with . or Enter, or press ? or * to list all spells.
The air bursts into flame!
The fireball engulfs the rockslime.
The rockslime resists.
The rockslime is moderately wounded.
The fireball engulfs the rockslime.
The rockslime resists.
The rockslime is lightly wounded.
The fireball engulfs the quicksilver ooze!!!
You kill the quicksilver ooze!
Vehumet accepts your kill.
You feel your power returning.
The fireball engulfs the rockslime but does no damage.
The rockslime is lightly wounded.
The rockslime hits you!!!
* * * LOW HITPOINT WARNING * * *
You hold your ground!
Your spellforged servitor gestures wildly while chanting.
The bolt of lightning hits the rockslime!
The rockslime resists.
The fiery plasma hits the rockslime.
The rockslime resists.
Casting: Ignition (mildly dangerous; 1% risk of failure)
Confirm with . or Enter, or press ? or * to list all spells.
The air bursts into flame!
The fireball engulfs the rockslime.
The rockslime resists.
The rockslime is heavily wounded.
The fireball engulfs the rockslime but does no damage.
The rockslime is lightly wounded.
The rockslime hits you!!
* * * LOW HITPOINT WARNING * * *
You hold your ground!
The rockslime hits you!!
You die...

### #.## ...## #... ##..# ###
#...# ####.## ### #######...##
##.#...# ##.## ##.#.##...@.#
##.....# #...###.....##.J.##
##......##
##..##...#..#9..J####........#
........##.........###......##
#...##....#.............#....##
.....#.........<.......##.....#
.......................#.....##
..............................#
..#..............#............#


You could see 2 rockslimes and a friendly spellforged servitor (summoned).

Vanquished Creatures
  Frederick (Vaults:3)
  Boris (Vaults:2)
  Saint Roka (Snake:2)
  Bai Suzhen (Vaults:4)
  Jory (Vaults:3)
  Asterion (Vaults:3)
  4 deep elf blademasters (Elf:3)
  A sphinx (Vaults:2)
  3 deep elf master archers (Elf:3)
  5 acid blobs
  A rockslime (Slime:5)
  A revenant (Vaults:3)
  2 nagarajas (Snake:4)
  2 fire giants (Vaults:4)
  3 vault wardens
  3 deep elf sorcerers
  4 deep elf elementalists (Elf:3)
  2 orc warlords (Vaults:4)
  4 quicksilver oozes
  5 ironbound preservers
  A ghoul (Vaults:3)
  4 ironbound thunderhulks
  A deep elf annihilator (Elf:3)
  12 dire elephants
  3 deep elf demonologists
  A deep elf death mage (Elf:3)
  A merfolk javelineer (Shoals:3)
  4 merfolk impalers
  A crystal guardian (Vaults:4)
  An entropy weaver (Vaults:1)
  Josephine (Orc:2)
  2 great orbs of eyes
  2 deep elf high priests (Elf:3)
  Erolcha (Orc:1)
  3 yaktaur captains
  2 hydras (Lair:4)
  2 vault guards
  A sphinx zombie (D:15)
  A death knight (Vaults:3)
  4 centaur warriors
  2 nameless horrors (D:14)
  2 catoblepae
  12 dancing weapons
  An anaconda (Snake:2)
  3 two-headed ogres
  A merfolk avatar (Shoals:3)
  5 merfolk aquamancers
  A death yak (Lair:5)
  A naga warrior (Snake:1)
  2 shock serpents
  A satyr (Shoals:3)
  7 orc high priests
  Sonja (D:10)
  8 deep elf knights
  A skyshark (Lair:2)
  A spectral death yak (Lair:5)
  9 skeletal warriors
  A spectral anaconda (Lair:5)
  A sea snake (Shoals:4)
  10 deep trolls
  3 lindwurms (Vaults:2)
  A flayed ghost (D:14)
  3 mana vipers
  7 deep elf archers
  3 orc knights (Vaults:4)
  5 necromancers
  2 arcanists
  Pikel (D:5)
  7 harpies
  3 naga ritualists
  A harpy (shapeshifter) (D:14)
  15 deep elf zephyrmancers
  7 ugly things
  4 ironbound convokers
  An ugly thing (shapeshifter) (Elf:3)
  17 deep elf pyromancers
  2 shining eyes (Slime:5)
  7 fauns
  An oklob plant (Lair:3)
  4 cyclopes
  4 orc sorcerers
  4 manticores
  2 salamanders (Snake:1)
  A dire elephant zombie (Lair:5)
  8 black mambas
  2 merfolk sirens
  2 kobold blastminers (Orc:1)
  A stone giant skeleton (Vaults:4)
  3 water nymphs
  A meliai (shapeshifter) (Elf:1)
  6 vault sentinels
  16 elephants
  2 dire elephant skeletons (Lair:5)
  2 gargoyles
  A naga mage (Snake:1)
  An eye of devastation (Slime:1)
  19 cane toads
  A yaktaur zombie (Vaults:4)
  Maggie (D:6)
  2 kobold demonologists
  2 yaktaurs
  8 komodo dragons
  A tengu conjurer (D:13)
  9 trolls
  7 merfolk
  5 polar bears
  4 wind drakes
  A fire giant simulacrum (Vaults:4)
  A spectral elephant (Lair:5)
  A spriggan zombie (D:15)
  A snapping turtle (Shoals:1)
  9 dream sheep
  11 blink frogs
  A centaur simulacrum (D:14)
  49 slime creatures
  3 shadows
  2 air elementals
  4 wraiths (Orc:2)
  Sigmund (D:3)
  36 yaks
  A spriggan (shapeshifter) (D:13)
  A human (D:12)
  2 wargs (Orc:2)
  6 water elementals
  2 vampires
  Eustachio (D:5)
  A golden eye (Slime:5)
  2 wyverns
  3 basilisks
  3 fire elementals
  A steam dragon (D:7)
  A redback (Vaults:1)
  12 vampire mosquitoes
  A spectral cane toad (Lair:5)
  8 nagas
  Duvessa (D:6)
  16 water moccasins
  2 sky beasts (D:7)
  3 black bears
  An elephant zombie (Lair:5)
  12 orc warriors
  6 ogres
  An elephant skeleton (Lair:5)
  7 centaurs
  21 wolves
  A lemure (D:5)
  4 kobold brigands
  Blork the orc (D:5)
  12 bullfrogs
  A gnoll sergeant (D:12)
  A cane toad simulacrum (Lair:5)
  A glowing shapeshifter simulacrum (Vaults:4)
  17 wights
  Dowan (D:6)
  An elephant simulacrum (Lair:5)
  6 killer bees (D:10)
  7 electric eels
  2 howler monkeys (D:14)
  A bombardier beetle (D:4)
  4 hounds
  8 jellies
  34 orc priests
  Ijyb (D:5)
  A gnoll bouda (D:9)
  A sleepcap (D:8)
  2 iguanas
  23 orc wizards
  6 hell rats (Lair:2)
  7 gnolls
  10 adders
  2 shadow imps
  A ribbon worm (D:4)
  58 orcs
  8 ball pythons
  9 endoplasms
  3 giant cockroaches
  6 goblins
  6 hobgoblins
  6 jackals (D:2)
  5 quokkas
  10 bats
  2 frilled lizards
  28 kobolds
  5 rats
  A butterfly (Lair:3)
  3 foxfires
914 creatures vanquished.

Vanquished Creatures (collateral kills)
  Boris (Vaults:3)
  A golden dragon (Vaults:4)
  Jorgrun (Snake:1)
  A tentacled monstrosity (Vaults:4)
  An acid blob (Slime:5)
  A deep elf blademaster (Elf:3)
  8 sphinxes
  A tengu reaver (Vaults:3)
  7 nagarajas
  A storm dragon (Shoals:4)
  5 azure jellies
  Ilsuiw (Shoals:2)
  Donald (Vaults:3)
  A fire giant (D:14)
  3 deep elf sorcerers (Elf:3)
  7 vault wardens
  Louise (Elf:3)
  An orc warlord (Vaults:3)
  4 quicksilver oozes
  14 ironbound preservers
  4 ironbound thunderhulks
  3 deep elf death magi
  5 deep elf annihilators (Elf:3)
  Azrael (Snake:1)
  9 dire elephants
  3 war gargoyles
  6 merfolk javelineers
  2 yaktaur captains
  2 deep elf high priests
  3 great orbs of eyes
  8 merfolk impalers
  A fire dragon (D:15)
  A vault guard (Vaults:3)
  2 peacekeepers
  2 salamander tyrants (Snake:4)
  19 anacondas
  3 merfolk avatars
  3 alligator snapping turtles
  8 centaur warriors
  5 ironbound frosthearts
  5 merfolk aquamancers (Shoals:4)
  2 boulder beetles
  A titan zombie (Vaults:4)
  A vampire mage (D:15)
  15 naga warriors
  2 satyrs (Shoals:4)
  An occultist (D:15)
  4 deep elf knights (Elf:3)
  2 shock serpents
  11 naga sharpshooters
  A skyshark (Shoals:1)
  18 deep trolls
  A skeletal warrior (D:15)
  4 salamander mystics
  7 sea snakes
  5 deep elf archers
  A flayed ghost (D:14)
  4 arcanists
  13 mana vipers
  A sea snake (shapeshifter) (Elf:3)
  7 naga ritualists (Snake:4)
  A glowing orange brain (Slime:5)
  8 lindwurms
  2 necromancers
  11 ironbound convokers
  14 deep elf pyromancers
  2 phantasmal warriors (Vaults:3)
  2 orc knights
  9 deep elf zephyrmancers
  7 harpies
  17 fauns
  14 ugly things
  3 orc sorcerers
  2 shining eyes
  15 salamanders
  6 cyclopes
  8 manticores
  12 guardian serpents
  6 water nymphs
  9 merfolk sirens
  8 naga magi
  30 black mambas
  9 vault sentinels
  2 elephants (Lair:3)
  2 cane toads
  A komodo dragon (Lair:1)
  An efreet (D:12)
  14 yaktaurs
  A troll (Vaults:3)
  12 merfolk
  5 wind drakes (Shoals:4)
  A glass eye (Slime:2)
  5 blink frogs
  2 dream sheep (Shoals:3)
  11 snapping turtles
  A centaur simulacrum (D:15)
  24 slime creatures
  16 water elementals
  4 air elementals
  11 yaks
  A spriggan skeleton (D:15)
  A wyvern (Lair:3)
  A wraith (D:13)
  4 fire elementals
  A golden eye (shapeshifter) (Vaults:3)
  3 golden eyes (Slime:5)
  A basilisk (D:15)
  3 wargs
  3 vampire mosquitoes
  38 nagas
  3 hell hounds (Snake:1)
  4 orc warriors (Snake:2)
  An ogre (Vaults:3)
  5 centaurs (D:15)
  3 wolves
  A bullfrog (Lair:4)
  A bombardier beetle (D:15)
  5 orc priests (Snake:2)
  5 nameless horrors
  4 orcs
  21 foxfires
674 creatures vanquished.

Vanquished Creatures (others)
  A fire elemental (Snake:1)
  An orc wizard (D:6)
  43 fire vortices
  2317 foxfires
2362 creatures vanquished.

Grand Total: 3950 creatures vanquished

Notes
Turn   | Place    | Note
-------+----------+-------------------------------------------
     0 | D:1      | Sobieck the Oni Fire Elementalist began the quest for the
                  | Orb.
     0 | D:1      | Reached XP level 1. HP: 16/16 MP: 3/3
   116 | D:1      | Reached skill level 1 in Conjurations
   351 | D:1      | Reached XP level 2. HP: 26/26 MP: 1/5
   477 | D:1      | Found a faded altar of an unknown god.
   560 | D:1      | Reached skill level 1 in Fighting
   617 | D:1      | Reached skill level 3 in Fire Magic
   846 | D:1      | Reached XP level 3. HP: 33/33 MP: 2/7
   956 | D:1      | Learned a level 2 spell: Scorch
  1576 | D:2      | Reached skill level 3 in Spellcasting
  1576 | D:2      | Reached XP level 4. HP: 36/41 MP: 5/8
  1913 | D:2      | Reached skill level 1 in Translocations
  2613 | D:3      | Learned a level 3 spell: Volatile Blastmotes
  2711 | D:3      | Noticed Sigmund
  2721 | D:3      | Killed Sigmund
  2722 | D:3      | Reached XP level 5. HP: 27/49 MP: 1/10
  2722 | D:3      | Reached XP level 6. HP: 32/57 MP: 1/11
  2827 | D:3      | Found an iron altar of Okawaru.
  2827 | D:3      | Found a glowing silver altar of Zin.
  2929 | D:3      | Identified the +0 robe of the Goldsmith {rF+ Regen+}
  3543 | D:4      | Reached skill level 4 in Fire Magic
  3812 | D:4      | Reached XP level 7. HP: 55/66 MP: 1/13
  3983 | D:4      | Reached skill level 3 in Fighting
  4142 | D:4      | Found a shimmering altar of Xom.
  4421 | D:4      | Found a radiant altar of Vehumet.
  4458 | D:4      | Became a worshipper of Vehumet
  4795 | D:5      | Entered Level 5 of the Dungeon
  4801 | D:5      | Reached skill level 3 in Conjurations
  4947 | D:5      | Noticed Pikel
  5113 | D:5      | Noticed Eustachio
  5118 | D:5      | Killed Eustachio
  5202 | D:5      | Reached skill level 3 in Translocations
  5255 | D:5      | Reached XP level 8. HP: 44/75 MP: 6/15
  5458 | D:5      | Noticed Ijyb
  5466 | D:5      | Killed Ijyb
  5581 | D:5      | Killed Pikel
  5582 | D:5      | Reached skill level 3 in Stealth
  5582 | D:5      | Reached skill level 5 in Fire Magic
  5701 | D:5      | Found a staircase to the Ecumenical Temple.
  5804 | D:5      | Reached skill level 6 in Spellcasting
  5836 | D:5      | Noticed Blork the orc
  5837 | D:5      | Reached XP level 9. HP: 62/85 MP: 4/18
  6243 | D:5      | Killed Blork the orc
  6746 | D:6      | Noticed Maggie
  6758 | D:6      | Killed Maggie
  6759 | D:6      | Reached skill level 6 in Fire Magic
  6971 | D:6      | Reached * piety under Vehumet
  6971 | D:6      | Offered knowledge of Shock by Vehumet.
  7465 | D:6      | Noticed Duvessa
  7471 | D:6      | Noticed Dowan
  7476 | D:6      | Killed Duvessa
  7480 | D:6      | Killed Dowan
  7755 | D:7      | Learned a level 4 spell: Flame Wave
  8348 | D:7      | Reached skill level 6 in Fighting
  8348 | D:7      | Reached skill level 6 in Conjurations
  8424 | D:7      | Reached XP level 10. HP: 98/98 MP: 11/20
  8615 | D:7      | Reached skill level 7 in Fire Magic
  9454 | D:8      | Offered knowledge of Searing Ray by Vehumet.
  9618 | D:8      | Reached ** piety under Vehumet
  9701 | D:9      | Found a staircase to the Lair.
 10353 | D:9      | Reached skill level 1 in Summonings
 10353 | D:9      | Reached skill level 1 in Air Magic
 10577 | D:9      | Found a snail-covered altar of Cheibriados.
 11101 | D:10     | Entered Level 10 of the Dungeon
 11133 | D:10     | Reached skill level 3 in Summonings
 11133 | D:10     | Reached skill level 3 in Air Magic
 11192 | D:10     | Offered knowledge of Hailstorm by Vehumet.
 11321 | D:10     | Reached XP level 11. HP: 92/109 MP: 9/22
 11522 | D:10     | Noticed Sonja
 11525 | D:10     | Killed Sonja
 11613 | D:10     | Reached *** piety under Vehumet
 11803 | D:10     | Noticed a two-headed ogre
 11821 | D:10     | Killed a two-headed ogre
 11937 | D:10     | Learned a level 4 spell: Sticky Flame
 11943 | D:10     | Noticed a two-headed ogre
 11959 | D:10     | Killed a two-headed ogre
 11960 | D:10     | Reached skill level 1 in Alchemy
 12279 | D:10     | Learned a level 4 spell: Summon Lightning Spire
 12351 | D:11     | Noticed a boulder beetle
 12362 | D:11     | Killed a boulder beetle
 12654 | D:11     | You fall into a shaft and drop 2 floors!
 12671 | D:13     | Found Bazxux's Assorted Antiques.
 12679 | D:13     | Bought a scroll of identify for 56 gold pieces
 12679 | D:13     | Bought a scroll of identify for 56 gold pieces
 12679 | D:13     | Bought a scroll of identify for 56 gold pieces
 12773 | D:13     | Noticed a white ugly thing
 12798 | D:12     | Noticed a cyclops
 12945 | D:12     | Killed a cyclops
 13044 | D:12     | Noticed a two-headed ogre
 13057 | D:12     | Killed a two-headed ogre
 13058 | D:12     | Reached skill level 9 in Fighting
 13058 | D:12     | Reached skill level 3 in Alchemy
 13222 | D:11     | Noticed a manticore
 13231 | D:11     | Killed a manticore
 13232 | D:11     | Reached skill level 9 in Spellcasting
 13669 | D:11     | Noticed a cyclops
 13677 | D:11     | Killed a cyclops
 13876 | D:12     | Noticed a phantasmal warrior
 13881 | D:12     | Found a transporter.
 13900 | D:12     | Found a transporter.
 13903 | D:12     | Noticed a necromancer
 13914 | D:12     | Noticed dialectric's ghost (journeyman CoBe)
 13915 | D:12     | Noticed a death knight
 13918 | D:12     | Noticed a skeletal warrior
 13937 | D:12     | Offered knowledge of Iskenderun's Mystic Blast by Vehumet.
 13939 | D:12     | Reached XP level 12. HP: 37/124 MP: 11/25
 14054 | Lair:1   | Entered Level 1 of the Lair of Beasts
 14254 | Lair:1   | Learned a level 4 spell: Iskenderun's Mystic Blast
 14346 | Lair:1   | Reached skill level 6 in Summonings
 14346 | Lair:1   | Reached skill level 6 in Air Magic
 15244 | Lair:1   | Reached **** piety under Vehumet
 15578 | Lair:2   | Noticed a skyshark
 15588 | Lair:2   | Killed a skyshark
 15718 | Lair:2   | Offered knowledge of Arcjolt by Vehumet.
 15999 | Lair:2   | Found a staircase to the Snake Pit.
 16140 | Lair:2   | Reached skill level 12 in Fighting
 16277 | Lair:2   | Reached XP level 13. HP: 114/141 MP: 10/28
 16578 | Lair:2   | Reached ***** piety under Vehumet
 16672 | Lair:2   | Learned a level 5 spell: Iskenderun's Battlesphere
 17261 | Lair:3   | Reached skill level 12 in Spellcasting
 17487 | Lair:3   | Found a dark tunnel.
 17570 | Lair:3   | Offered knowledge of Plasma Beam by Vehumet.
 17603 | Lair:3   | Learned a level 6 spell: Plasma Beam
 18670 | Lair:3   | Found a staircase to the Shoals.
 19003 | Lair:4   | Reached skill level 8 in Fire Magic
 19504 | Lair:4   | Found a staircase to the Slime Pits.
 20378 | Lair:4   | Reached skill level 9 in Fire Magic
 20378 | Lair:4   | Reached skill level 9 in Air Magic
 21071 | Lair:5   | Entered Level 5 of the Lair of Beasts
 21155 | Lair:5   | Reached XP level 14. HP: 115/153 MP: 22/30
 22125 | Lair:5   | Noticed a dire elephant
 22125 | Lair:5   | Noticed a dire elephant
 22125 | Lair:5   | Noticed a dire elephant
 22146 | Lair:5   | Reached skill level 10 in Fire Magic
 22991 | Lair:4   | Offered knowledge of Starburst by Vehumet.
 23285 | Lair:5   | Noticed a dire elephant
 23316 | Lair:5   | Killed a dire elephant
 24292 | Lair:5   | Killed a dire elephant
 24293 | Lair:5   | Reached skill level 11 in Fire Magic
 24618 | Lair:5   | Killed a dire elephant
 26203 | D:12     | Found a staircase to the Orcish Mines.
 26998 | Orc:1    | Entered Level 1 of the Orcish Mines
 27031 | Orc:1    | Noticed Erolcha
 27035 | Orc:1    | Killed Erolcha
 27036 | Orc:1    | Reached XP level 15. HP: 165/165 MP: 11/32
 27570 | Orc:1    | Found a roughly hewn altar of Beogh.
 27697 | Orc:2    | Entered Level 2 of the Orcish Mines
 28259 | Orc:2    | Reached skill level 15 in Fighting
 28345 | Orc:2    | Offered knowledge of Freezing Cloud by Vehumet.
 29459 | Orc:2    | Noticed Josephine
 29465 | Orc:2    | Killed Josephine
 29810 | Orc:2    | Found a staircase to the Elven Halls.
 29923 | Orc:2    | Found Ceyrghoo's Magic Scroll Emporium.
 29923 | Orc:2    | Found Okir's Distillery.
 29924 | Orc:2    | Found Yruur's General Store.
 29928 | Orc:2    | Found Cydghel's General Store.
 29933 | Orc:2    | Bought a scroll of amnesia for 52 gold pieces
 31230 | D:13     | Found a gate to the Vaults.
 32105 | D:14     | Found a shimmering blue altar of Sif Muna.
 32526 | D:14     | Learned a level 7 spell: Spellforged Servitor
 32538 | D:14     | Noticed a fire giant
 33325 | D:14     | Killed a fire giant
 33402 | D:14     | Reached skill level 9 in Conjurations
 33432 | D:14     | Identified the +1 robe "Gefuf" {rF+++ Str-3 Int+6}
 33922 | D:15     | Entered Level 15 of the Dungeon
 33944 | D:15     | Found a snail-covered altar of Cheibriados.
 34243 | D:15     | Found a staircase to the Depths.
 34323 | D:15     | Offered knowledge of Irradiate by Vehumet.
 34326 | D:15     | Reached XP level 16. HP: 176/176 MP: 13/34
 34333 | D:15     | Learned a level 5 spell: Irradiate
 34472 | D:15     | Reached skill level 9 in Summonings
 35589 | Snake:1  | Entered Level 1 of the Snake Pit
 35745 | Snake:1  | Noticed Azrael
 35755 | Snake:1  | Killed Azrael
 36268 | Snake:1  | Noticed Jorgrun
 36279 | Snake:1  | Killed Jorgrun
 37386 | Snake:2  | Reached ****** piety under Vehumet
 37473 | Snake:2  | Noticed a nagaraja
 37478 | Snake:2  | Killed a nagaraja
 37646 | Snake:2  | Reached skill level 12 in Conjurations
 37876 | Snake:2  | Noticed Saint Roka
 37896 | Snake:2  | Killed Saint Roka
 38941 | Snake:3  | Found Vopta's Book Emporium.
 38954 | Snake:3  | Bought the Vademecum on Air and Spellbinding for 544 gold
                  | pieces
 38975 | Snake:3  | Reached XP level 17. HP: 184/184 MP: 23/35
 39143 | Snake:3  | Offered knowledge of Yara's Violent Unravelling by Vehumet.
 39687 | Snake:4  | Entered Level 4 of the Snake Pit
 40090 | Snake:4  | Found Fakurphi's General Store.
 40126 | Snake:4  | Found Doass's Book Emporium.
 40127 | Snake:4  | Found Vatz's Jewellery Boutique.
 40127 | Snake:4  | Found Vuoxtur's Jewellery Boutique.
 40141 | Snake:4  | Bought a ring of see invisible for 255 gold pieces
 40141 | Snake:4  | Bought a ring of magical power for 340 gold pieces
 40155 | Snake:4  | Bought an Everburning Encyclopedia for 836 gold pieces
 40196 | Snake:4  | Reached skill level 15 in Conjurations
 40787 | Snake:4  | Reached skill level 15 in Spellcasting
 40796 | Snake:4  | Reached skill level 12 in Fire Magic
 40799 | Snake:4  | Offered knowledge of Eringya's Noxious Bog by Vehumet.
 40971 | Snake:4  | Reached XP level 18. HP: 193/193 MP: 33/37
 41035 | Snake:4  | Found an iron altar of Okawaru.
 41065 | Snake:4  | Got a serpentine rune of Zot
 41130 | Snake:4  | Found Siewno Diul's Jewellery Boutique.
 41494 | Snake:4  | Identified the +6 arbalest of Zin, Healing {antimagic,
                  | ^Fragile rElec rPois Str+3}
 41911 | Shoals:1 | Entered Level 1 of the Shoals
 41921 | Shoals:1 | Reached skill level 13 in Fire Magic
 42816 | Shoals:1 | Learned a level 8 spell: Ignition
 42833 | Shoals:2 | Reached skill level 14 in Fire Magic
 42903 | Shoals:2 | Noticed Ilsuiw
 42961 | Shoals:2 | Killed Ilsuiw
 43026 | Shoals:2 | Offered knowledge of Ozocubu's Refrigeration by Vehumet.
 43482 | Snake:4  | Bought a ring of wizardry for 390 gold pieces
 43693 | Shoals:2 | Got the Parchment of Astrapomancy and Refrigeration
 43868 | Shoals:2 | Found the +5 moon troll leather armour {Spirit, Regen++
                  | MP+5}
 44198 | Shoals:3 | Reached skill level 15 in Fire Magic
 44548 | Shoals:3 | Found Uriseg's Weapon Boutique.
 44564 | Shoals:3 | Reached XP level 19. HP: 201/201 MP: 39/39
 44742 | Shoals:3 | Identified the +2 flail of Patience {drain, Str+3}
 45048 | Shoals:4 | Entered Level 4 of the Shoals
 45091 | Shoals:4 | Paralysed by an air elemental for 1 turns
 45093 | Shoals:4 | Paralysed by an air elemental for 1 turns
 45347 | Shoals:4 | Reached skill level 16 in Fire Magic
 45436 | Shoals:4 | Paralysed by an air elemental for 1 turns
 45758 | Shoals:4 | Paralysed by an air elemental for 1 turns
 45760 | Shoals:4 | Paralysed by an air elemental for 1 turns
 45762 | Shoals:4 | Paralysed by an air elemental for 1 turns
 46138 | Shoals:4 | Paralysed by an air elemental for 1 turns
 46147 | Shoals:4 | Offered knowledge of Lehudib's Crystal Spear by Vehumet.
 46147 | Shoals:4 | Offered knowledge of Fire Storm by Vehumet.
 46147 | Shoals:4 | Offered knowledge of Shatter by Vehumet.
 46391 | Shoals:4 | Got a barnacled rune of Zot
 46906 | Vaults:1 | Entered Level 1 of the Vaults
 47736 | Vaults:1 | Reached XP level 20. HP: 191/218 MP: 41/41
 47808 | Vaults:1 | Identified the +7 arbalest of Uncertain Death {elec, Str+4}
 48657 | Vaults:2 | Found Zegel's Armour Boutique.
 48663 | Vaults:2 | Bought a +0 cloak of poison resistance for 136 gold pieces
 48866 | Vaults:2 | Reached skill level 17 in Fire Magic
 49351 | Vaults:2 | Identified the +2 robe "Totykh" {rF+ Dex+2}
 49351 | Vaults:2 | Noticed Boris
 49358 | Vaults:2 | Killed Boris
 49883 | Vaults:3 | Noticed Donald
 49891 | Vaults:3 | Killed Donald
 50289 | Vaults:3 | Identified the orb of Mumblety Peg {*channel, Str+4 Dex-3
                  | Hexes Air}
 50289 | Vaults:3 | Noticed Frederick
 50289 | Vaults:3 | Identified the +8 falchion of the Endless Xeniums {distort,
                  | rC+}
 50301 | Vaults:3 | Killed Frederick
 50551 | Vaults:3 | Identified the +2 robe of Resourcefulness {rC+}
 50551 | Vaults:3 | Noticed Boris
 50559 | Vaults:3 | Killed Boris
 50641 | Vaults:3 | Reached skill level 18 in Fire Magic
 50749 | Vaults:3 | Identified the +2 pair of gloves "Akhlou Nogo" {+Inv rElec
                  | rPois rC+}
 50775 | Vaults:3 | Noticed Asterion
 50780 | Vaults:3 | Killed Asterion
 50807 | Vaults:3 | Reached XP level 21. HP: 198/226 MP: 42/42
 51056 | Vaults:3 | Noticed Jory
 51060 | Vaults:3 | Killed Jory
 51224 | Vaults:3 | Reached skill level 18 in Conjurations
 51345 | Vaults:3 | Found a staircase to the Crypt.
 52118 | Vaults:4 | Found Vixuet's Weapon Shoppe.
 52146 | Vaults:4 | Noticed Bai Suzhen
 52156 | Vaults:4 | Killed Bai Suzhen
 52694 | Vaults:3 | Learned a level 9 spell: Fire Storm
 53072 | Vaults:4 | Reached skill level 19 in Fire Magic
 53383 | Vaults:4 | Identified 2 scrolls of acquirement
 53391 | Vaults:4 | Noticed a golden dragon
 53395 | Vaults:4 | Killed a golden dragon
 53428 | Vaults:4 | Acquired the -2 hat of the Alchemist {rElec rPois rF+ rC+
                  | rN+ Will+ rMut rCorr}
 53428 | Vaults:4 | Found the -2 hat of the Alchemist {rElec rPois rF+ rC+ rN+
                  | Will+ rMut rCorr}
 53441 | Vaults:4 | Acquired a staff of air
 53861 | Elf:1    | Entered Level 1 of the Elven Halls
 54153 | Elf:1    | Got the Incunabulum of Illusion
 54242 | Elf:1    | Found Mybruz's Weapon Shoppe.
 54446 | Elf:1    | Found Suneiq's Distillery.
 54449 | Elf:1    | Found Ytiafad's Book Emporium.
 54449 | Elf:1    | Found Rucak's Assorted Antiques.
 54454 | Elf:1    | Found Yruoj's Weapon Emporium.
 54863 | Elf:2    | Reached XP level 22. HP: 235/235 MP: 43/43
 55074 | Elf:2    | Found an ancient bone altar of Kikubaaqudgha.
 55277 | Elf:2    | Found a runed translucent gate.
 55277 | Elf:2    | Found a runed translucent gate.
 55277 | Elf:2    | Found a runed translucent gate.
 55570 | Elf:3    | Entered Level 3 of the Elven Halls
 55613 | Elf:3    | Reached skill level 20 in Fire Magic
 55705 | Elf:3    | Paralysed by an air elemental for 1 turns
 56075 | Elf:3    | Found Fustrab's Assorted Antiques.
 56124 | Elf:3    | Found Buwoppen's Elven Fire.
 56132 | Elf:3    | Bought a staff of fire for 400 gold pieces
 56169 | Elf:3    | Noticed Louise
 56173 | Elf:3    | Killed Louise
 56705 | Elf:3    | Identified the +6 long sword "Gosofan" {flame, rF++}
 56705 | Elf:3    | Identified the ring of Poxkaol {Will+ Int+3}
 56734 | Elf:3    | Identified the +2 halberd "Mozasur" {holy, rF- rN++ Will+}
 56771 | Elf:3    | Identified the +4 war axe of the Illusory Bones {spect,
                  | Str+4 Dex+3}
 56779 | Elf:3    | Identified the +7 quarterstaff of Pain and Death {flame,
                  | Will+ Str+3 Dex+6}
 56816 | Elf:3    | Identified the +3 scimitar "Akirramp" {vamp, Dex+2}
 56852 | Elf:3    | Identified the +9 short sword "Qiry" {freeze, Str+2 Int+3}
 56891 | Elf:3    | Got the Tome of the Sarcophagus and the Tundra
 57296 | Slime:1  | Entered Level 1 of the Pits of Slime
 57380 | Slime:2  | Gained mutation: You are dopey. (Int -2) [a shining eye]
 57910 | Slime:5  | Entered Level 5 of the Pits of Slime
 57970 | Slime:5  | Reached skill level 21 in Fire Magic
 58106 | Slime:5  | Found a viscous altar of Jiyva.
 58112 | Slime:5  | Reached XP level 23. HP: 243/243 MP: 39/44
 58959 | Slime:4  | Mangled by a rockslime

Illustrated notes

Levels and vault maps discovered:
D:1:      doesnt_arrival_eight_statues, layout_loops_cross,
          ebering_ecumenical_altar_hall
D:2:      layout_basic
D:3:      layout_basic, gammafunk_temple_overflow_elements, uniq_sigmund
D:4:      layout_loops_ring, vehumet_altar_wand_db, old_standard_altar,
          st_stairs_11, lemuel_flame_loot_1
D:5:      layout_gridville, minmay_temple_entry_junction, uniq_eustachio,
          uniq_blork_the_orc, uniq_ijyb, uniq_pikel
D:6:      layout_basic, uniq_maggie, uniq_duvessa
D:7:      layout_gridville
D:8:      layout_rooms
D:9:      layout_loops_ring, nicolae_overflow_hidden_temple, lair_entry_dummy,
          serial_bayou, serial_bayou_crossing, serial_bayou_ford_a,
          serial_bayou_lagoon_b, serial_bayou_shore_b
D:10:     layout_loops_ring, uniq_sonja
D:11:     layout_irregular_city, minivault_16
D:12:     nooodl_glass_maze, layout_layer_cave, orc_0_dummy,
          gammafunk_ghost_mausoleum
D:13:     layout_roguey, hellmonk_vaults_keyhole, serial_shops, shop
D:14:     minmay_textured_paths, layout_basic, hellmonk_sif_muna_bookshelves
D:15:     gammafunk_depths_entry_grave, layout_loops_corners, slow_altar_1
Lair:1:   layout_roguey
Lair:2:   layout_loops_ring, minmay_snake_entry_guardpost_small,
          roderic_carrion_pond, beast_lair_carwin_4
Lair:3:   layout_gridlike, mainiacjoe_shoals_entry_four_pools, enter_volcano_1,
          st_stairs_11, lemuel_fruit_fields, infiniplex_staircase_pool_2
Lair:4:   layout_hall_layers, nicolae_slime_entry_slimehenge
Lair:5:   due_jungle_book, layout_regular_city, st_stairs_10,
          serial_bayou_shore_a, infiniplex_staircase_pool
Shoals:1: layout_shoals, nicolae_shoals_land_atoll
Shoals:2: layout_shoals, nicolae_splish_splash, uniq_ilsuiw
Shoals:3: layout_shoals, serial_shops, shop
Shoals:4: shoals_end_hellmonk_storm_palace [storm_palace_center_ruins,
          storm_palace_corner_blocked, storm_palace_corner_grid,
          storm_palace_corner_narrow, storm_palace_corner_reverse_hut]
Snake:1:  layout_chambers, grunt_megastairs_3, uniq_jorgrun, uniq_azrael
Snake:2:  layout_onion, uniq_saint_roka
Snake:3:  layout_rooms, serial_shops, shop
Snake:4:  grunt_snake_rune_serpentine_throne, layout_cave_town, serial_shops,
          shop, shop, nicolae_snake_scaly_snakehead, minmay_shop_grove
Slime:1:  layout_caves
Slime:2:  cheibrodos_slime_lost_civilization_2, layout_caves
Slime:3:  layout_caves
Slime:4:  cheibrodos_slime_lost_civilization_3, layout_caves
Slime:5:  slime_pit_nicolae_trefoil
Orc:1:    layout_caves, basic_altar, uniq_erolcha
Orc:2:    st_orc_mages, layout_diamond_mine, uniq_josephine
Elf:1:    eino_elf_arrival_shootout, layout_loops_cross, serial_shops,
          nicolae_diamond_shop, minmay_elf_demonology, minmay_shoptagon
Elf:2:    nicolae_elf_blades_crystal_corner, layout_geoelf_diagonals,
          basic_altar
Elf:3:    minmay_elf_hall, layout_loops_corners, serial_shops, shop,
          guppyfry_elf_lava, uniq_louise
Vaults:1: nicolae_vaults_little_guard_posts, nicolae_vaults_angled_halls,
          vaults_room_grid, nicolae_vaults_circle_grid_a,
          nicolae_vaults_network_periphery, nicolae_vaults_yaktaur_gun_rack,
          grunt_vaults_trifunnel, vaults_room_door_hall,
          nicolae_vaults_wrenched, nicolae_vaults_octothorpe, v_misc_25,
          ontoclasm_vaults_shuriken, nicolae_vaults_stepped_doors,
          layout_vaults_omnicross
Vaults:2: vaults_room_octagon, nicolae_vaults_shrinking_rooms_1,
          nicolae_vaults_tetromino_T_2, st_smaller_cells,
          vaults_room_stairs_pillars, nicolae_vaults_turnstiles,
          nicolae_vaults_sightless_eye, nicolae_vaults_more_shelving_1,
          v_misc_23, vaults_room_semicircle, vaults_dpeg_ring,
          layout_vaults_big_room, serial_shops, shop_fountains, uniq_boris
Vaults:3: nicolae_vaults_angled_halls, nicolae_vaults_more_shelving_2,
          nicolae_vaults_trapezoid_lopsided_3, nicolae_vaults_enemy_cabinets,
          hangedman_vaults_restitches, ontoclasm_vaults_misaligned, v_misc_12,
          nicolae_vaults_offset_grid_hallway_1, nicolae_vaults_tangram_2,
          vaults_room_octagon, vaults_room_fours, minmay_crypt_entry_simple_box,
          vaults_room_semicircle, vaults_mumra_hex, layout_vaults_omnibox,
          uniq_jory, uniq_frederick, uniq_donald, uniq_asterion
Vaults:4: minmay_orc_keep, vaults_dpeg_diagonal,
          nicolae_vaults_little_squares_1, vaults_standard_mumra_lines,
          ontoclasm_vaults_tryst, v_misc_18, st_check,
          nicolae_vaults_puzzle_piece, ontoclasm_vaults_pinch,
          ontoclasm_vaults_decontamination, nicolae_vaults_trapezoid_lopsided_3,
          nicolae_vaults_little_squares_1, layout_vaults_ring, serial_shops,
          nicolae_shop_bloodbath_and_beyond, uniq_bai_suzhen

Skill      XL: |  1  2  3  4  5  6  7  8  9 10 11 12 13 14 15 16 17 18 19 20 21 22 |
---------------+-------------------------------------------------------------------+-----
Conjurations   | 1 2 3 4 6 7 9 13 15 16 17 19 20 | 20.2
Fighting       | 1 2 3 4 6 7 9 12 13 14 15 17 | 17.0
Fire Magic     | 3 4 5 6 7 9 11 12 15 16 18 19 21 | 21.0
Spellcasting   | 3 4 6 7 9 11 12 13 14 15 16 17 | 17.0
Translocations | 1 2 3 |  3.0
Stealth        | 2 3 4 5 |  5.0
Summonings     | 3 5 6 8 10 | 10.0
Air Magic      | 3 5 7 9 11 | 11.3
Alchemy        | 3 |  3.0
Dodging        | |  1.7
Invocations    | |  0.9

Action                     |  1- 3 |  4- 6 |  7- 9 | 10-12 | 13-15 | 16-18 | 19-21 | 22-24 || total
---------------------------+-------+-------+-------+-------+-------+-------+-------+-------++-------
  Melee: Unarmed           |     2 |       |       |       |       |       |       |       ||     2
         Headbutt          |     4 |     1 |     1 |     1 |     4 |       |     1 |       ||    12
         Short sword       |    29 |       |       |       |       |       |       |       ||    29
         Whip              |     7 |     7 |     6 |       |       |       |       |       ||    20
         Dagger            |       |       |       |     5 |     7 |     1 |     1 |       ||    14
         Staff             |       |       |       |       |       |       |     1 |     3 ||     4
   Cast: Foxfire           |    75 |   114 |   237 |   318 |   597 |       |       |       ||  1341
         Scorch            |     1 |     1 |    23 |    52 |    36 |       |       |       ||   113
         Volatile Blastmot |       |     9 |    10 |    30 |     6 |       |       |       ||    55
         Flame Wave        |       |       |     2 |    28 |    22 |       |       |       ||    52
         Summon Lightning  |       |       |       |    24 |    21 |    29 |       |       ||    74
         Sticky Flame      |       |       |       |    13 |    17 |       |       |       ||    30
         Iskenderun's Myst |       |       |       |     4 |     8 |       |     1 |       ||    13
         Plasma Beam       |       |       |       |       |   254 |   103 |    55 |     4 ||   416
         Iskenderun's Batt |       |       |       |       |    14 |       |       |       ||    14
         Spellforged Servi |       |       |       |       |    14 |   136 |   129 |    37 ||   316
         Irradiate         |       |       |       |       |       |    15 |     4 |     5 ||    24
         Ignition          |       |       |       |       |       |    25 |    92 |    32 ||   149
         Fire Storm        |       |       |       |       |       |       |    19 |    63 ||    82
  Evoke: Wand              |       |       |       |       |     1 |       |       |       ||     1
         Sack of spiders   |       |       |       |       |     1 |       |       |       ||     1
    Use: Scroll            |       |       |    14 |     9 |    13 |     4 |     5 |     5 ||    50
         Potion            |       |       |       |     3 |     5 |       |       |     6 ||    14
 Armour: Robe              |    27 |    20 |    45 |   175 |   232 |   131 |   126 |   100 ||   856
         Skin              |       |       |       |       |     2 |       |       |       ||     2
  Dodge: Dodged            |    24 |    10 |    52 |   140 |   173 |    61 |    40 |    27 ||   527
  Block: Other             |       |       |       |    53 |    72 |     1 |       |       ||   126
         Reflection        |       |       |       |     4 |    12 |     1 |       |       ||    17

Table legend: (Time is in decaauts)
 A = Elapsed time spent in this place.
 B = Non-inter-level travel time spent in this place.
 C = Inter-level travel time spent in this place.
 D = Time resting spent in this place.
 E = Time spent auto-exploring this place.
 F = Levels seen in this place.
 G = Mean time per level.
                   A        B        C        D        E       F      G
               +--------+--------+--------+--------+--------+-----+--------+
         Total |  59050 |  55344 |   3706 |  15871 |  23983 |  42 | 1406.0 |
       Dungeon |  21972 |  20830 |   1142 |   5200 |  11709 |  15 | 1464.8 |
          Lair |  11437 |  10728 |    709 |   4111 |   4544 |   5 | 2287.4 |
        Shoals |   4544 |   4173 |    371 |   1316 |   1314 |   4 | 1136.0 |
     Snake Pit |   6243 |   5675 |    568 |   1266 |   1782 |   4 | 1560.8 |
    Slime Pits |   1651 |   1638 |     13 |    747 |    229 |   5 |  330.2 |
  Orcish Mines |   3251 |   3028 |    223 |   1088 |    970 |   2 | 1625.5 |
   Elven Halls |   3209 |   3033 |    176 |    513 |   1475 |   3 | 1069.7 |
        Vaults |   6737 |   6237 |    500 |   1630 |   1960 |   4 | 1684.2 |
               +--------+--------+--------+--------+--------+-----+--------+

Top non-repeatable levels by time:
  Lair:5: 2701 daAuts
   Orc:2: 2657 daAuts
  Lair:4: 2647 daAuts
  Lair:3: 2613 daAuts
    D:12: 2561 daAuts
 Snake:4: 2237 daAuts
    D:14: 2193 daAuts
  Lair:2: 2047 daAuts
Vaults:3: 1972 daAuts
    D:13: 1872 daAuts
 Snake:1: 1778 daAuts
Vaults:4: 1771 daAuts
     D:5: 1716 daAuts
     D:9: 1609 daAuts
Shoals:4: 1574 daAuts
